 Seeded DCSS version 0.30-a0-368-g86fb4627a9 (webtiles) character file.

Game seed: 4866231847754521613 (custom seed)

7079 purpskrrrp the Cleaver (level 10, -5/103 HPs)
             Began as a Minotaur Monk on Nov 18, 2022.
             Was a High Priest of Okawaru.
             Slain by a sixfirhy (10 damage)
             ... summoned by an obsidian statue
             ... on level 9 of the Dungeon.
             The game lasted 00:15:18 (7318 turns).

purpskrrrp the Cleaver (Minotaur Monk)              Turns: 7318, Time: 00:15:18

Health: -5/103     AC: 18    Str: 21    XL:     10   Next: 84%
Magic:  1/9        EV: 11    Int: 10    God:    Okawaru [*****.]
Gold:   504        SH:  0    Dex: 12    Spells: 9/9 levels left

rFire   . . .      SeeInvis +    D - +2 war axe (flame)
rCold   x . .      Faith    .    (no shield)
rNeg    . . .      Spirit   .    q - +4 scale mail of Impermeability {Regen+}
rPois   .          Reflect  .    (helmet restricted)
rElec   .          Harm     .    (no cloak)
rCorr   .          Rampage  .    m - +3 Mad Mage's Maulers {Infuse+∞ RegenMP Int-3}
Will    .....      Rnd*Tele +    t - +0 pair of boots
Stlth   +.........               (no amulet)
HPRegen 1.17/turn                l - ring of see invisible
MPRegen 0.51/turn                y - +6 ring of intelligence

@: mesmerised, hasted, very quick
A: horns 2, retaliatory headbutt, deterioration 1, robust 1, teleportitis 1,
cold vulnerability 1, sturdy frame 1
a: Renounce Religion, Heroism, Finesse, Duel


You were on level 9 of the Dungeon.
You worshipped Okawaru.
Okawaru was extremely pleased with you.
You visited 1 branch of the dungeon, and saw 9 of its levels.

You collected 692 gold pieces.
You spent 188 gold pieces at shops.

Inventory:

Hand Weapons
 D - a +2 war axe of flaming (weapon)
Missiles
 B - 2 javelins
Armour
 m - the +3 Mad Mage's Maulers (worn) {Infuse+∞ RegenMP Int-3}
   (You acquired it on level 2 of the Dungeon)

   It empowers its wearer's blows with all of their magic.
   It causes its wearer's magical reserves to regenerate more quickly.
   Int:       It affects your intelligence (-3).
 q - the +4 scale mail of Impermeability (worn) {Regen+}
   (You acquired it on level 2 of the Dungeon)

   Regen:     It increases your rate of health regeneration.
 t - a +0 pair of boots (worn)
Jewellery
 a - a +4 ring of protection
 j - a ring of ice
 l - a ring of see invisible (left hand)
 r - a ring of poison resistance
 v - an amulet of regeneration
 y - a +6 ring of intelligence (right hand)
Wands
 u - a wand of paralysis (10)
 C - a wand of flame (24)
 G - a wand of iceblast (2)
Scrolls
 b - 5 scrolls of identify
 d - a scroll of amnesia
 e - 2 scrolls of silence
 f - 2 scrolls of enchant armour
 g - 6 scrolls of teleportation
 i - 3 scrolls of magic mapping
 o - 5 scrolls of poison
 F - a scroll of acquirement
Potions
 c - 2 potions of ambrosia
 h - 2 potions of berserk rage {unknown}
 k - 3 potions of lignification
 n - 2 potions of magic {unknown}
 p - 3 potions of degeneration {unknown}
 s - 3 potions of curing
 w - a potion of resistance
 x - a potion of haste
 z - a potion of invisibility
 A - 2 potions of flight {unknown}
 E - a potion of heal wounds {unknown}


   Skills:
 + Level 10.3 Fighting
 * Level 14.8 Axes
 + Level 9.6 Armour
 - Level 3.2 Dodging
 - Level 1.5 Stealth


You had 9 spell levels left.
You didn't know any spells.
Your spell library contained the following spells:

 Spells                   Type           Power      Damage    Failure   Level
 Apportation              Tloc           0%         N/A       54%         1
 Ensorcelled Hibernation  Hex/Ice        0%         N/A       67%         2
 Passwall                 Tmut/Erth      0%         N/A       67%         2
 Gell's Gravitas          Tloc           0%         N/A       88%         3
 Lesser Beckoning         Tloc           0%         N/A       88%         3
 Portal Projectile        Hex/Tloc       0%         N/A       88%         3
 Swiftness                Air            0%         N/A       88%         3
 Teleport Other           Tloc           0%         N/A       88%         3
 Leda's Liquefaction      Hex/Erth       0%         N/A       99%         4
 Alistair's Intoxication  Tmut/Pois      0%         N/A       100%        5
 Blade Hands              Tmut           0%         N/A       100%        5
 Iron Shot                Conj/Erth      0%         9d1       100%        6
 Call Canine Familiar     Summ           Unusable   N/A       N/A         3
 Animate Armour           Summ/Erth      Unusable   N/A       N/A         4

Dungeon Overview and Level Annotations

Branches:
Dungeon (9/15)             Temple (0/1) D:7            Lair (0/5) D:9
    Orc: D:9-12

Altars:
Cheibriados
Elyvilon
Gozag
Hepliaklqana
Kikubaaqudgha
Okawaru
Ru
Sif Muna
Yredelemnul

Shops:
D:5 (

Annotations:
D:5 3 runed translucent doors, purpskrrrp's ghost, amateur SpMo
D:9 exclusion: obsidian statue


Innate Abilities, Weirdness & Mutations

You have a pair of horns on your head.
You reflexively headbutt those who attack you in melee.
Your body sometimes deteriorates upon taking damage.
You are robust. (+10% HP)
You are occasionally teleported next to monsters.
You are vulnerable to cold. (rC-)
Your movements are slightly less encumbered by armour. (ER -2)


Message History

The ynoxinul disappears in a puff of smoke!
The ufetubus disappears in a puff of smoke! x3
The sixfirhy hits you! The sixfirhy shocks you!
The sixfirhy closely misses you.
You hit the obsidian statue but do no damage.
The obsidian statue is moderately damaged.
You miss the sixfirhy. You slash the obsidian statue!
The obsidian statue is heavily damaged.
You slash the sixfirhy! You burn the sixfirhy. You hit the obsidian statue.
You headbutt the obsidian statue.
The obsidian statue is heavily damaged.
You hit the sixfirhy. You burn the sixfirhy. You barely miss the ice devil.
You hit the obsidian statue but do no damage.
The obsidian statue is heavily damaged.
You closely miss the sixfirhy. You hit the ice devil but do no damage.
The ice devil barely misses you.
You hit the obsidian statue.
The obsidian statue is heavily damaged.
You barely miss the sixfirhy. You barely miss the ice devil.
The sixfirhy barely misses you. The ice devil hits you!
The ice devil freezes you!!
You feel a terrible chill!
* * * LOW HITPOINT WARNING * * *
You hit the obsidian statue.
The obsidian statue is severely damaged.
You barely miss the sixfirhy. You slash the ice devil! You burn the ice devil.
You kill the ice devil!
The ice devil disappears in a puff of smoke!
The sixfirhy hits you.
* * * LOW HITPOINT WARNING * * *
The sixfirhy shocks you!
* * * LOW HITPOINT WARNING * * *
The sixfirhy hits you but does no damage. x2
You barely miss the obsidian statue.
You headbutt the obsidian statue, but do no damage.
The obsidian statue is severely damaged.
You closely miss the sixfirhy.
The sixfirhy hits you but does no damage.
The sixfirhy hits you!
You die...

.. ...##########
............#
.....?......#
.....(......# .##
....$.......#....
....../.......#
......8.......#
......3@......#
.......§.....##
.....§§§.....#
....:.....).##
..........!.#
......#######
######


You could see an obsidian statue (mesmerising) and a sixfirhy (summoned).

Vanquished Creatures
  2 two-headed ogres
  A deep elf pyromancer (D:8)
  A troll (D:8)
  A slime creature (D:8)
  Grinder (D:4)
  2 shadows (D:9)
  A wraith (D:8)
  A wyvern (D:7)
  2 steam dragons
  Duvessa (D:4)
  2 water moccasins
  2 sky beasts (D:7)
  An ice beast (D:5)
  An orc warrior (D:9)
  3 centaurs
  4 phantoms
  4 bullfrogs
  5 necrophages
  A gnoll sergeant (D:8)
  13 wights
  Dowan (D:4)
  12 killer bees
  3 howler monkeys
  A jelly (D:4)
  2 orc priests
  3 hounds
  A gnoll bouda (D:9)
  7 orc wizards
  2 iguanas
  Natasha (thrice) (D:4)
  12 gnolls
  8 adders
  3 white imps
  2 ufetubi
  7 dart slugs
  28 orcs
  8 endoplasms
  3 giant cockroaches
  7 goblins
  8 hobgoblins
  4 jackals (D:1)
  8 kobolds
  4 quokkas
  5 ball pythons
  10 bats
  A frilled lizard (D:1)
  7 rats
209 creatures vanquished.

Vanquished Creatures (others)
  3 plants (D:8)
3 creatures vanquished.

Grand Total: 212 creatures vanquished

Notes
Turn   | Place    | Note
-------+----------+-------------------------------------------
     0 | D:1      | purpskrrrp the Minotaur Monk began the quest for the Orb.
     0 | D:1      | Reached XP level 1. HP: 19/19 MP: 0/0
    98 | D:1      | Reached skill level 4 in Axes
   144 | D:1      | Reached XP level 2. HP: 14/26 MP: 1/1
   382 | D:1      | Reached skill level 5 in Axes
   570 | D:1      | Reached XP level 3. HP: 31/31 MP: 2/2
   932 | D:2      | Reached skill level 6 in Axes
   932 | D:2      | Reached XP level 4. HP: 39/39 MP: 3/3
   942 | D:2      | Gained mutation: You have a pair of large horns on your
                  | head. [potion of mutation]
   942 | D:2      | Gained mutation: Your magical capacity is low. (-10% MP)
                  | [potion of mutation]
   942 | D:2      | Gained mutation: You expend magic power (3 MP) to
                  | strengthen your wands. [potion of mutation]
  1033 | D:2      | Lost mutation: You have a pair of large horns on your head.
                  | [potion of mutation]
  1033 | D:2      | Lost mutation: Your magical capacity is low. (-10% MP)
                  | [potion of mutation]
  1033 | D:2      | Gained mutation: You are clumsy. (Dex -2) [potion of
                  | mutation]
  1033 | D:2      | Gained mutation: You have hidden genetic defects. [potion
                  | of mutation]
  1033 | D:2      | Gained mutation: Your flesh is cold resistant. (rC+)
                  | [potion of mutation]
  1034 | D:2      | Lost mutation: You are clumsy. (Dex -2) [potion of
                  | mutation]
  1034 | D:2      | Lost mutation: Your flesh is cold resistant. (rC+) [potion
                  | of mutation]
  1034 | D:2      | Lost mutation: You expend magic power (3 MP) to strengthen
                  | your wands. [potion of mutation]
  1034 | D:2      | Gained mutation: Your movements are slightly less
                  | encumbered by armour. (ER -2) [potion of mutation]
  1034 | D:2      | Gained mutation: You are robust. (+10% HP) [potion of
                  | mutation]
  1034 | D:2      | Gained mutation: Your body sometimes deteriorates upon
                  | taking damage. [potion of mutation]
  1533 | D:2      | Identified 2 scrolls of acquirement
  1533 | D:2      | Acquired the +4 scale mail of Impermeability {Regen+}
  1544 | D:2      | Acquired the +3 Mad Mage's Maulers {Infuse+∞ RegenMP Int-3}
  1544 | D:2      | Found the +3 Mad Mage's Maulers {Infuse+∞ RegenMP Int-3}
  1604 | D:3      | Found a faded altar of an unknown god.
  1967 | D:3      | Gained mutation: You are vulnerable to cold. (rC-) [hidden
                  | defects]
  1986 | D:3      | Reached skill level 1 in Armour
  1996 | D:3      | Gained mutation: You are occasionally teleported next to
                  | monsters. [hidden defects]
  1996 | D:3      | Lost mutation: You have hidden genetic defects. [hidden
                  | defects expressed]
  2005 | D:3      | Reached XP level 5. HP: 50/50 MP: 0/4
  2108 | D:3      | Found a hazy altar of Hepliaklqana.
  2467 | D:4      | Noticed Natasha
  2473 | D:4      | Killed Natasha
  2572 | D:4      | Noticed Dowan
  2573 | D:4      | Noticed Duvessa
  2575 | D:4      | Noticed Natasha
  2618 | D:4      | Reached skill level 7 in Axes
  2721 | D:4      | Killed Natasha
  2722 | D:4      | Reached XP level 6. HP: 58/58 MP: 1/5
  2774 | D:4      | Noticed Natasha
  2780 | D:4      | Killed Natasha
  2873 | D:4      | Killed Duvessa
  2882 | D:4      | Killed Dowan
  2909 | D:4      | Found a sacrificial altar of Ru.
  2909 | D:4      | Found an ancient bone altar of Kikubaaqudgha.
  2926 | D:4      | Reached skill level 5 in Fighting
  2934 | D:4      | Reached skill level 8 in Axes
  3059 | D:4      | Reached XP level 7. HP: 66/67 MP: 0/6
  3125 | D:4      | Noticed Grinder
  3135 | D:4      | Paralysed by Grinder for 3 turns
  3140 | D:4      | Killed Grinder
  3280 | D:5      | Entered Level 5 of the Dungeon
  3280 | D:5      | Found a snail-covered altar of Cheibriados.
  3301 | D:5      | Found an opulent altar of Gozag.
  3329 | D:5      | Reached skill level 9 in Axes
  3409 | D:5      | Reached XP level 8. HP: 44/77 MP: 0/7
  3521 | D:5      | Found an iron altar of Okawaru.
  3556 | D:5      | Found Ivag's Antique Weapon Emporium.
  3589 | D:5      | Bought a runed war axe for 188 gold pieces
  3608 | D:5      | Became a worshipper of Warmaster Okawaru
  3608 | D:5      | Reached * piety under Okawaru
  3608 | D:5      | Reached ** piety under Okawaru
  3686 | D:5      | Reached skill level 5 in Armour
  3807 | D:5      | Found a runed translucent gate.
  3807 | D:5      | Found a runed translucent gate.
  3807 | D:5      | Found a runed translucent gate.
  3808 | D:5      | Noticed purpskrrrp's ghost (amateur SpMo)
  4030 | D:6      | Identified the +1 chain mail of the Shore {rPois Str+3
                  | Int+3 Dex-5}
  4041 | D:6      | Reached skill level 10 in Axes
  4671 | D:6      | Found a shimmering blue altar of Sif Muna.
  4681 | D:6      | Found a basalt altar of Yredelemnul.
  4959 | D:7      | Reached skill level 11 in Axes
  4965 | D:7      | Reached XP level 9. HP: 86/86 MP: 0/8
  5027 | D:7      | Reached *** piety under Okawaru
  5088 | D:7      | Found a staircase to the Ecumenical Temple.
  5204 | D:7      | Found a white marble altar of Elyvilon.
  5722 | D:7      | Reached skill level 12 in Axes
  6128 | D:8      | Reached **** piety under Okawaru
  6349 | D:8      | Received a gift from Okawaru
  6350 | D:8      | Noticed a two-headed ogre
  6356 | D:8      | Killed a two-headed ogre
  6357 | D:8      | Reached skill level 13 in Axes
  6357 | D:8      | Reached XP level 10. HP: 70/100 MP: 0/9
  6483 | D:8      | Noticed a deep elf pyromancer
  6492 | D:8      | Reached ***** piety under Okawaru
  6509 | D:8      | Killed a deep elf pyromancer
  6744 | D:8      | Reached skill level 14 in Axes
  7037 | D:9      | Found a staircase to the Lair.
  7058 | D:9      | Reached skill level 10 in Fighting
  7188 | D:9      | Noticed a two-headed ogre
  7194 | D:9      | Killed a two-headed ogre
  7301 | D:9      | Noticed an obsidian statue
  7304 | D:9      | Noticed a sixfirhy
  7317 | D:9      | HP: 4/103 [sixfirhy[an obsidian statue] (12)]
  7318 | D:9      | Slain by a sixfirhy

Illustrated notes

Levels and vault maps discovered:
D:1:      dpeg_arrival_arbitrary_c, layout_basic
D:2:      layout_loops_ring, kennysheep_minor_cross
D:3:      minmay_chambers_of_twos, layout_loops_ring, overflow_temple_1_default,
          ebering_ecumenical_altar_petrified
D:4:      layout_loops_cross, gammafunk_temple_overflow_elements, dk_vineyard_3,
          uniq_grinder, uniq_natasha, uniq_duvessa
D:5:      layout_rooms, cheibriados_altar_1, mainiacjoe_overflow_chevrons,
          okawaru_metal_pillars_3, serial_shops, shop_statue,
          ebering_ghost_rock_garden
D:6:      layout_loops_corners, amethyst_overflow_temple_binary,
          kennysheep_windowed_goal
D:7:      layout_basic, old_standard_altar, minmay_temple_entry_mini_moons
D:8:      layout_rooms, glass_columns_a, minmay_shattered_shrine
D:9:      layout_long_grid, tso_altar, dpeg_oklobed_lair, serial_bayou_pond_e,
          minivault_16

Skill      XL: |  1  2  3  4  5  6  7  8  9 10 |
---------------+-------------------------------+-----
Axes           | 4 5 6 7 8 9 11 13 14 | 14.8
Armour         | 1 2 3 4 6 8 9 |  9.6
Fighting       | 4 5 6 7 9 10 | 10.3
Dodging        | |  3.2
Stealth        | |  1.5

Action                   |  1- 3 |  4- 6 |  7- 9 | 10-12 || total
-------------------------+-------+-------+-------+-------++-------
Melee: Hand axe          |    66 |   106 |    54 |       ||   226
       Headbutt          |     5 |    12 |    22 |    16 ||    55
       Punch             |       |     2 |     2 |     2 ||     6
       War axe           |       |       |   122 |    98 ||   220
Evoke: Wand              |       |    15 |       |       ||    15
  Use: Potion            |       |     3 |     1 |     1 ||     5
       Scroll            |       |    10 |     9 |       ||    19
 Stab: Sleeping          |     2 |     1 |       |       ||     3
Armor: Robe              |     9 |       |       |       ||     9
       Scale mail        |       |    38 |    92 |    41 ||   171
Dodge: Dodged            |    51 |    47 |   114 |    53 ||   265

Table legend: (Time is in decaauts)
 A = Elapsed time spent in this place.
 B = Non-inter-level travel time spent in this place.
 C = Inter-level travel time spent in this place.
 D = Time resting spent in this place.
 E = Time spent auto-exploring this place.
 F = Levels seen in this place.
 G = Mean time per level.
                   A        B        C        D        E       F      G
               +--------+--------+--------+--------+--------+-----+--------+
         Total |   7265 |   6932 |    333 |    165 |   5576 |   9 |  807.2 |
       Dungeon |   7265 |   6932 |    333 |    165 |   5576 |   9 |  807.2 |
               +--------+--------+--------+--------+--------+-----+--------+

Top non-repeatable levels by time:
     D:7: 1171 daAuts
     D:6: 1031 daAuts
     D:3: 889 daAuts
     D:8: 838 daAuts
     D:1: 817 daAuts
     D:4: 815 daAuts
     D:2: 762 daAuts
     D:5: 571 daAuts
     D:9: 368 daAuts
